 Dungeon Crawl Stone Soup version 0.19.1 (webtiles) character file.

1445 lorenzova the Thaumaturge (level 8, 0/41 HPs)
             Began as a Deep Elf Conjurer on Nov 30, 2016.
             Succumbed to a worker ant's poison
             ... on level 5 of the Dungeon.
             The game lasted 00:11:39 (5439 turns).

lorenzova the Thaumaturge (Deep Elf Conjurer)       Turns: 5439, Time: 00:11:40

Health: 0/41       AC:  2    Str: 14    XL:     8   Next: 46%
Magic:  0/24       EV: 13    Int: 23    God:
Gold:   220        SH:  0    Dex: 15    Spells: 3 memorised, 17 levels left

rFire  . . .     SeeInvis +     t - +1 mace (drain)
rCold  . . .     Gourm    .     a - +0 robe
rNeg   . . .     Faith    .     (no shield)
rPois  .         Spirit   .     (no helmet)
rElec  .         Reflect  .     (no cloak)
rCorr  .         Harm     .     (no gloves)
MR     .....                    (no boots)
Stlth  ++........               (no amulet)
                                m - ring of see invisible
                                q - +4 ring of strength

@: mighty, lethally poisoned (0 -> -6), hasted, very quick
A: no striking features
a: no special abilities


You were on level 5 of the Dungeon.
You were not hungry.

You visited 1 branch of the dungeon, and saw 5 of its levels.

You collected 220 gold pieces.

Inventory:

Hand Weapons
 t - a +1 mace of draining (weapon)
Armour
 a - a +0 robe (worn)
Jewellery
 m - a ring of see invisible (right hand)
 n - a +1 ring of slaying
 q - a +4 ring of strength (left hand)
Scrolls
 d - a scroll of enchant armour
 f - a scroll of identify
 i - a scroll of magic mapping {unknown}
 p - a scroll of remove curse
 v - a scroll of silence {unknown}
Potions
 e - 2 potions of might
 h - a potion of heal wounds
 j - 2 potions of berserk rage {unknown}
 k - 3 potions of haste
 o - a potion of cancellation {unknown}
 r - a potion of degeneration {unknown}
 s - a potion of brilliance {unknown}
Books
 b - a book of Conjurations

   Spells                             Type                      Level
   a - Magic Dart                     Conjuration                  1
   b - Searing Ray                    Conjuration                  2
   c - Dazzling Spray                 Conjuration/Hexes            3
   d - Fulminant Prism                Conjuration/Hexes            4
   e - Iskenderun's Mystic Blast      Conjuration                  4
   f - Iskenderun's Battlesphere      Conjuration/Charms           5
Comestibles
 c - 5 bread rations
 g - 2 beef jerkies
 l - 2 meat rations


   Skills:
 - Level 2.4 Dodging
 - Level 2.4 Stealth
 * Level 10.1 Spellcasting
 * Level 8.9 Conjurations
 + Level 3.2 Charms


You had 17 spell levels left.
You knew the following spells:

 Your Spells              Type           Power        Failure   Level  Hunger
a - Magic Dart            Conj           ####         1%          1    None
b - Iskenderun's Mystic   Conj           ######..     1%          4    #......
c - Iskenderun's Battles  Conj/Chrm      #####...     14%         5    ####...


Dungeon Overview and Level Annotations

Branches:
Dungeon (5/15)
 Temple: D:4-7

Altars:
Nemelex Xobeh
Sif Muna
Zin


Message History

Aim: a worker ant (moderately wounded)
The magic dart hits the worker ant.
The worker ant is severely wounded.
The worker ant bites you but does no damage.
Casting: Magic Dart
Confirm with . or Enter, or press ? or * to list all spells.
You don't have enough magic to cast that spell.
A worker ant is nearby!
You closely miss the worker ant.
The worker ant is severely wounded.
The worker ant waves its antennae.
The worker ant bites you!
You are poisoned.
The worker ant poisons you! The worker ant bites you!
* * * LOW HITPOINT WARNING * * *
You feel very mighty all of a sudden.
You feel sick. The worker ant bites you!
* * * LOW HITPOINT WARNING * * *
It was a potion of haste.
You feel yourself speed up.
You die...

##.....########._.#########.##
####.#.........#............###
##.#.........#########..#....
#..#.........# ######..####..
##.##.........# #.<....#.....#
###..##.........###.######.#####
##...###............)## #...# #
.....#
#........<###.(###.#######
....>#
#.(......@##...([).....##.
.....#
#########a...#####)###.)..
.....# #.#### ###.##....# ...[.#
#.# ##..##..##.# ###### #.#
##........#.#
#.....####...........#
#.######.......>....##
#..#........## #..#........##


You could see a worker ant.

Vanquished Creatures
  Pikel (D:3)
  Eustachio (D:5)
  Menkaure (D:4)
  A phantom (D:5)
  An ice beast (D:5)
  2 slaves (D:4)
  An ogre (D:4)
  A centaur (D:5)
  2 scorpions
  An orc priest (D:4)
  An iguana (D:5)
  A hell rat (D:5)
  3 orc wizards (D:5)
  A gnoll (D:1)
  4 adders
  2 river rats (D:5)
  A worm (D:2)
  2 dart slugs
  3 leopard geckos
  8 orcs
  4 ball pythons
  5 bats
  6 giant cockroaches
  5 goblins
  3 hobgoblins
  6 jackals (D:3)
  2 quokkas
  5 frilled lizards
  4 kobolds
  14 rats
92 creatures vanquished.

Notes
Turn   | Place    | Note
-------+----------+-------------------------------------------
     0 | D:1      | lorenzova the Deep Elf Conjurer began the quest for the Orb.
     0 | D:1      | Reached XP level 1. HP: 10/10 MP: 6/6
   256 | D:1      | Reached skill level 4 in Spellcasting
   256 | D:1      | Reached XP level 2. HP: 15/15 MP: 3/9
   874 | D:2      | Reached XP level 3. HP: 19/19 MP: 3/10
  1243 | D:2      | Reached skill level 5 in Conjurations
  1424 | D:3      | Found a glowing silver altar of Zin.
  1709 | D:3      | Reached skill level 5 in Spellcasting
  1709 | D:3      | Reached XP level 4. HP: 24/24 MP: 9/13
  1715 | D:3      | Learned a level 4 spell: Iskenderun's Mystic Blast
  2254 | D:4      | Reached XP level 5. HP: 28/28 MP: 13/15
  2264 | D:4      | Noticed Menkaure
  2297 | D:4      | Noticed an ogre
  2305 | D:4      | Killed an ogre
  2305 | D:4      | Reached skill level 6 in Spellcasting
  2536 | D:5      | Entered Level 5 of the Dungeon
  2971 | D:4      | Reached XP level 6. HP: 32/32 MP: 5/17
  3087 | D:4      | Noticed a slave
  3088 | D:4      | Noticed a slave
  3103 | D:4      | Killed a slave
  3208 | D:5      | Found a deep blue altar of Sif Muna.
  3257 | D:5      | Noticed Eustachio
  3539 | D:4      | Noticed a slave
  3553 | D:4      | Killed a slave
  3566 | D:4      | Noticed Pikel
  3600 | D:3      | Killed Pikel
  3600 | D:3      | Reached skill level 8 in Spellcasting
  3600 | D:3      | Reached XP level 7. HP: 22/36 MP: 2/21
  4223 | D:4      | Killed Menkaure
  4223 | D:4      | Reached skill level 9 in Spellcasting
  4275 | D:4      | Learned a level 5 spell: Iskenderun's Battlesphere
  4390 | D:4      | Found a sparkling altar of Nemelex Xobeh.
  4544 | D:5      | Reached skill level 1 in Charms
  4665 | D:5      | Reached XP level 8. HP: 41/41 MP: 9/23
  5194 | D:5      | Killed Eustachio
  5429 | D:5      | Reached skill level 10 in Spellcasting
  5438 | D:5      | HP: 1/41 [worker ant (7)]
  5439 | D:5      | Succumbed to a worker ant's poison

Skill      XL: |  1  2  3  4  5  6  7  8 |
---------------+-------------------------+-----
Spellcasting   | 4 5 6 8 9 10 | 10.1
Conjurations   | 5 6 7 8 |  8.9
Charms         | 1 3 |  3.2
Dodging        | |  2.4
Stealth        | |  2.4

Action                   |  1- 3 |  4- 6 |  7- 9 || total
-------------------------+-------+-------+-------++-------
Melee: Unarmed           |       |     3 |     2 ||     5
       Mace              |       |       |     3 ||     3
 Cast: Magic Dart        |    68 |    92 |    54 ||   214
       Iskenderun's Myst |       |    13 |    21 ||    34
  Use: Scroll            |     4 |     3 |       ||     7
       Potion            |       |     2 |     2 ||     4
  Eat: Chunk             |     2 |     1 |     1 ||     4
       Meat ration       |       |     1 |     1 ||     2
       Pizza             |       |     1 |       ||     1
Armor: Skin              |       |     2 |     2 ||     4
       Robe              |       |     1 |     1 ||     2
Dodge: Dodged            |     1 |    14 |     9 ||    24
